 Dungeon Crawl Stone Soup version 0.17.2-1-ge4368a0 (webtiles) character file.

72 Goblin1989 the Ruffian (level 4, 0/41 HPs)
             Began as a Troll Hunter on Nov 4, 2016.
             Slain by a mummy (2 damage)
             ... in an ossuary.
             The game lasted 00:04:10 (1050 turns).

Goblin1989 the Ruffian (Troll Hunter)               Turns: 1050, Time: 00:04:10

Health: 0/41       AC:  6    Str: 20    XL:     4   Next: 6%
Magic:  0/3        EV: 10    Int:  7    God:
Gold:   143        SH:  0    Dex: 11    Spells: 0 memorised, 3 levels left

rFire  . . .     SeeInvis .       - Unarmed
rCold  . . .     Clarity  .     b - +0 robe
rNeg   . . .     SustAt   .     (no shield)
rPois  .         Gourm    +     (helmet restricted)
rElec  .         Spirit   +     j - +0 cloak
rCorr  .         Warding  .     (gloves unavailable)
rMut   .         Stasis   .     (boots unavailable)
MR     .....                    l - amulet of guardian spirit
Stlth  +.........               (no ring)
                                (no ring)

@: not resistant to hostile enchantments, very unstealthy
A: unfitting armour, claws 3, fast metabolism 3, gourmand, regeneration 2,
shaggy fur 1, tough skin 2
a: no special abilities


You were in an ossuary.
You were completely stuffed.

You visited 1 branch of the dungeon, and saw 3 of its levels.
You also visited: Ossuary.

You collected 143 gold pieces.

Inventory:

Missiles
 c - 5 large rocks (quivered) {!d}
 Z - 2 throwing nets {=f, !d}
Armour
 b - a +0 robe (worn)
 j - a +0 cloak (worn)
Jewellery
 l - an amulet of guardian spirit (around neck)
Scrolls
 k - a scroll of remove curse {unknown}
 m - a scroll of identify {unknown}
 o - a scroll of recharging {unknown}
 q - a scroll of immolation {unknown}
 r - 2 scrolls of teleportation {unknown}
Potions
 a - 2 potions of heal wounds {unknown}
 d - a potion of resistance {unknown}
 f - a potion of agility {unknown}
 g - a potion of brilliance {unknown}
 h - 4 potions of curing {unknown}
 n - 3 potions of mutation {unknown}
Comestibles
 e - 5 bread rations {@e1}
 i - 2 beef jerkies
 p - 2 chunks of flesh {@w0}


   Skills:
 - Level 1.5 Fighting
 - Level 3.6 Throwing
 - Level 1.5 Dodging
 - Level 0.4 Stealth
 + Level 3.7 Unarmed Combat


You had 3 spell levels left.
You didn't know any spells.

Dungeon Overview and Level Annotations

Branches:
Dungeon (4/15)
 Temple: D:4-7

Altars:
Xom


Innate Abilities, Weirdness & Mutations

You are too large for most types of armour.
You have claws for hands.
Your metabolism is lightning-fast.
You like to eat raw meat.
You heal very quickly.
You are covered in fur (AC +1).
You have very tough skin (AC +2).


Message History

The kobold zombie barely misses you.
You regained 3 hp, and now have 12/41 hp.
You claw the mummy!
The mummy is severely damaged.
The kobold zombie closely misses you.
You scratch the mummy but do no damage.
The mummy is severely damaged.
The mummy misses you.
You barely miss the mummy.
The mummy is severely damaged.
The kobold zombie hits you but does no damage.
The mummy hits you!
* * * LOW HITPOINT WARNING * * *
You take 11 damage, and have 2/41 hp.
MASSIVE DAMAGE!!
You scratch the mummy but do no damage.
The mummy is severely damaged.
The kobold zombie hits you.
* * * LOW HITPOINT WARNING * * *
The mummy hits you.
You die...

█....█
█....█
█....█
█....█
█....█
█....█
█ZZ..█
█ZM..█
█@MZ.█


██████ You could see 2 mummies, a gnoll zombie, 2 kobold zombies and a big
kobold zombie.

Vanquished Creatures
  2 mummies (Ossuary)
  2 adders (D:2)
  A giant gecko (D:1)
  A bat (D:2)
  2 giant cockroaches
  5 hobgoblins
  4 jackals (D:2)
  4 kobolds
  A ball python (D:1)
  A giant newt (D:1)
  A gnoll zombie (Ossuary)
  3 goblins (D:1)
  A hobgoblin zombie (Ossuary)
  2 kobold zombies (Ossuary)
  4 rats
34 creatures vanquished.

Notes
Turn   | Place    | Note
--------------------------------------------------------------
     0 | D:1      | Goblin1989 the Troll Hunter began the quest for the Orb.
     0 | D:1      | Reached XP level 1. HP: 19/19 MP: 0/0
    71 | D:1      | Reached skill level 1 in Unarmed Combat
   169 | D:1      | Reached XP level 2. HP: 27/27 MP: 1/1
   647 | D:2      | Reached XP level 3. HP: 33/33 MP: 2/2
   985 | D:2      | Found a shimmering altar of Xom.
   985 | D:2      | Found a shimmering altar of Xom.
   986 | D:2      | Found a shimmering altar of Xom.
   986 | D:2      | Found a shimmering altar of Xom.
   986 | D:2      | Found a shimmering altar of Xom.
   987 | D:2      | Found a shimmering altar of Xom.
   987 | D:2      | Found a shimmering altar of Xom.
   991 | D:2      | You fall through a shaft for 2 floors!
  1008 | D:4      | Found a sand-covered staircase.
  1012 | Ossuary  | Entered an ossuary
  1046 | Ossuary  | Reached XP level 4. HP: 11/41 MP: 0/3
  1049 | Ossuary  | HP: 2/41 [mummy (11)]
  1050 | Ossuary  | Slain by a mummy

Action                   |  1- 3 |  4- 6 || total
-------------------------+-------+-------++-------
Melee: Unarmed           |    91 |     4 ||    95
 Stab: Sleeping          |     2 |       ||     2
  Eat: Chunk             |    15 |       ||    15

Vault maps used:
D:1:      onia_arrival_mini_spirals, serial_bayou_pond_e, minivault_19
D:2:      st_stairs_13, xom_redecorated
D:4:      kiku_gazebo_pond_becter, enter_ossuary_5
Ossuary:  ossuary_tomb_3
